Map: Odyssey LE

Players

NightEnD

  • Race: Protoss Protoss
  • League: Master
  • Spawn Location: 5:00

RiSky - Winner!

  • Race: Zerg Zerg
  • League: Master
  • Spawn Location: 11:00

VOD

Have the link to the VOD?

Description

Time

  • Played on: Nov. 16, 2017, 5:36 p.m.
  • Length: 18:52
Show
View Real Time Build Order
Export as new Build Order

NightEnD Protoss 

Build Orders: 1 Gate Expand, Colossus Rush 

Get SALT Encoding   

  12  0:00  Probe  
  13  0:12  Probe  
  14  0:22  Pylon  
  14  0:25  Probe  
  15  0:41  Probe (Chrono Boost)  
  16  0:44  Gateway  
  16  0:48  Assimilator  
  17  0:50  Probe (Chrono Boost)  
  17  0:55  Probe  
  18  1:07  Probe  
  19  1:19  Probe  
  20  1:27  Nexus  
  20  1:31  Probe  
  21  1:41  Cybernetics Core  
  21  1:43  Probe  
  22  1:49  Assimilator  
  22  1:54  Pylon  
  22  1:58  Probe  
  23  2:12  Zealot (Chrono Boost), Probe (Chrono Boost)  
  26  2:18  Warp Gate  
  26  2:22  Probe (Chrono Boost)  
  27  2:26  Probe  
  27  2:29  Stalker (Chrono Boost)  
  30  2:38  Probe  
  30  2:42  Probe  
  32  2:45  Pylon  
  32  2:50  Probe  
  33  2:54  Probe  
  33  2:57  Sentry (Chrono Boost)  
  36  3:02  Probe  
  37  3:06  Probe  
  37  3:09  Gateway  
  38  3:13  Shield Battery  
  38  3:18  Probe (Chrono Boost)  
  40  3:23  Probe (Chrono Boost), Robotics Facility  
  42  3:28  Probe x2 (Chrono Boost)  
  42  3:30  Pylon  
  42  3:32  Probe  
  43  3:39  Probe  
  44  3:44  Assimilator, Probe  
  44  3:45  Assimilator  
  45  3:49  Gateway  
  45  3:51  Probe  
  46  3:56  Probe  
  46  3:59  Pylon  
  47  4:03  Probe  
  47  4:06  Twilight Council  
  47  4:08  Forge, Probe  
  49  4:12  Robotics Bay  
  49  4:16  Probe  
  50  4:21  Pylon  
  50  4:22  Observer  
  50  4:23  Probe  
  52  4:25  Sentry x2  
  52  4:28  Probe  
  57  4:35  Probe  
  58  4:40  Probe  
  58  4:45  Protoss Ground Weapons Level 1  
  59  4:47  Probe  
  60  4:53  Probe  
  60  4:54  Blink  
  60  4:59  Probe  
  62  5:01  Nexus  
  62  5:05  Probe  
  63  5:07  Colossus (Chrono Boost)  
  63  5:11  Probe  
  70  5:21  Pylon  
  70  5:22  Pylon  
  70  5:39  Probe x2  
  70  5:41  Colossus (Chrono Boost)  
  78  5:44  Gateway  
  78  5:45  Gateway, Sentry  
  78  5:46  Gateway  
  80  5:51  Probe x2  
  82  5:58  Pylon  
  82  6:01  Pylon  
  82  6:03  Probe x2  
  84  6:06  Stalker  
  86  6:12  Colossus (Chrono Boost)  
  86  6:15  Assimilator  
  86  6:16  Probe  
  93  6:19  Assimilator, Probe x2  
  95  6:28  Probe  
  96  6:34  Probe x2  
  98  6:40  Probe  
  89  6:48  Stalker x6  
  101  6:56  Photon Cannon  
  101  6:57  Immortal (Chrono Boost)  
  101  6:59  Shield Battery  
  105  7:03  Protoss Ground Weapons Level 2  
  105  7:13  Stalker x4  
  105  7:14  Stalker x2  
  117  7:17  Pylon  
  117  7:18  Pylon  
  117  7:20  Pylon  
  117  7:23  Charge (Chrono Boost), Pylon  
  117  7:39  Templar Archives  
  117  7:40  Immortal (Chrono Boost)  
  121  7:54  Nexus  
  121  7:57  Pylon  
  121  7:59  Probe x2  
  121  8:00  Probe, Pylon  
  124  8:09  Zealot  
  124  8:10  Zealot x5  
  124  8:12  Immortal (Chrono Boost)  
  140  8:21  Pylon  
  140  8:24  Pylon  
  140  8:32  High Templar x4, Stalker  
  140  8:33  Stalker  
  152  8:35  Photon Cannon  
  152  8:38  Photon Cannon, Archon  
  152  8:39  Archon  
  152  8:41  Photon Cannon  
  152  8:42  Shield Battery  
  152  8:48  Photon Cannon  
  152  8:50  Shield Battery  
  152  8:51  Warp Prism (Chrono Boost)  
  154  8:58  High Templar x2  
  158  9:02  Archon  
  158  9:07  Gateway  
  158  9:08  High Templar x2, Gateway  
  160  9:10  Gateway  
  160  9:11  Zealot x2  
  160  9:12  Gateway, Archon  
  160  9:14  Probe  
  160  9:15  Probe x3  
  168  9:32  Photon Cannon  
  168  9:33  Zealot x2  
  168  9:34  Zealot x2  
  168  9:35  Photon Cannon  
  172  9:49  Observer  
  173  9:55  Assimilator  
  173  10:02  Dark Shrine  
  173  10:04  Protoss Ground Weapons Level 3 (Chrono Boost)  
  173  10:09  Stargate  
  173  10:12  Stargate  
  173  10:13  Stargate, Pylon  
  173  10:14  Zealot x3, Pylon  
  173  10:15  Zealot  
  173  10:16  Zealot x3  
  181  10:41  Observer  
  160  10:47  Nexus  
  160  10:48  Zealot  
  160  10:49  Zealot x9  
  176  10:51  Pylon  
  176  10:52  Pylon  
  173  11:02  Warp Prism (Chrono Boost)  
  169  11:12  Zealot  
  169  11:13  Zealot x7  
  169  11:14  Zealot x2  
  163  11:29  Fleet Beacon  
  163  11:33  Dark Shrine  
  163  11:39  Dark Templar x5  
  173  11:40  Zealot, Dark Templar x2  
  173  11:41  Zealot x2  
  173  11:46  Nexus  
  167  12:05  Dark Templar x2  
  167  12:07  Dark Templar  
  163  12:26  Tempest x3 (Chrono Boost)  
  169  12:38  Protoss Shields Level 1  
  165  12:51  Photon Cannon  
  163  12:52  Photon Cannon x2  
  163  12:55  Photon Cannon  
  163  12:57  Zealot x5, Shield Battery  
  163  12:58  Zealot x5  
  183  12:59  Shield Battery  
  183  13:04  Tempest x2 (Chrono Boost)  
  199  13:09  Tempest (Chrono Boost)  
  199  13:11  Pylon  
  191  13:20  Dark Templar x3  
  191  13:22  Pylon  
  195  13:59  Zealot x3  
  195  14:00  Zealot x5  
  183  14:11  Tempest x2 (Chrono Boost)  
  191  14:21  Zealot x2  
  191  14:22  Zealot x7  
  198  14:43  Zealot  
  198  14:44  Zealot x6  
  191  14:57  Void Ray x3 (Chrono Boost)  
  147  15:08  High Templar x4  
  147  15:09  High Templar x3  
  147  15:14  Archon x3  
  137  15:33  Void Ray (Chrono Boost)  
  140  15:40  Void Ray (Chrono Boost)  
  134  15:43  Pylon  
  134  15:44  Zealot x4, Void Ray (Chrono Boost), Pylon  
  134  15:45  Zealot x2, Pylon  
  115  16:06  Zealot x6  
  115  16:11  Void Ray (Chrono Boost)  
  126  16:15  Void Ray (Chrono Boost)  
  128  16:36  Nexus  
  130  17:04  Zealot x2  
  134  17:20  Zealot  
  132  17:23  Assimilator  
  132  17:27  Assimilator  
  132  17:36  Zealot  
  130  17:52  High Templar  
  130  17:54  Zealot  
  132  18:02  Archon  
  132  18:07  Gateway x2  
  132  18:10  Gateway  
  66  18:36  Dark Templar x2  
Show
View Real Time Build Order
Export as new Build Order

RiSky Zerg - Winner!

Build Orders: Hatch First, Lurkers 

Get SALT Encoding   

  12  0:00  Drone  
  13  0:12  Overlord  
  13  0:17  Drone  
  14  0:30  Drone x2  
  14  0:34  Drone  
  17  0:50  Hatchery  
  17  0:54  Drone  
  17  0:57  Drone  
  18  1:08  Extractor  
  17  1:12  Spawning Pool  
  17  1:15  Drone  
  17  1:19  Drone  
  18  1:28  Drone  
  19  1:38  Overlord  
  19  1:50  Drone  
  20  1:58  Queen  
  20  2:00  Zergling x2  
  23  2:02  Queen  
  23  2:03  Zergling x2  
  23  2:08  Metabolic Boost  
  26  2:11  Drone  
  26  2:13  Drone  
  28  2:23  Drone  
  28  2:24  Drone  
  30  2:33  Drone  
  30  2:36  Drone  
  32  2:48  Overlord  
  32  2:49  Zergling x2  
  33  2:55  Drone  
  34  2:59  Drone  
  34  3:04  Drone, Hatchery  
  35  3:12  Drone x3  
  38  3:15  Overlord  
  38  3:20  Overlord  
  38  3:33  Drone x2  
  40  3:34  Drone x2  
  40  3:39  Drone  
  43  3:43  Queen  
  43  3:44  Drone x4  
  43  3:45  Overlord, Drone  
  43  3:46  Drone  
  51  3:50  Roach Warren  
  51  3:55  Overlord, Drone  
  51  4:05  Extractor, Drone  
  51  4:07  Drone  
  51  4:08  Evolution Chamber  
  51  4:14  Drone  
  51  4:15  Drone  
  51  4:16  Queen  
  55  4:18  Overlord  
  55  4:19  Drone  
  56  4:24  Overlord  
  56  4:26  Extractor  
  56  4:28  Drone  
  56  4:30  Overlord  
  56  4:32  Roach  
  56  4:33  Roach  
  56  4:34  Zerg Missile Weapons Level 1  
  60  4:41  Roach x2  
  60  4:43  Drone  
  60  4:45  Overlord, Drone  
  66  4:48  Drone x3  
  66  4:51  Drone x2  
  71  4:55  Drone  
  71  4:57  Overlord  
  71  4:59  Drone  
  73  5:02  Overlord  
  73  5:04  Lair, Drone  
  74  5:10  Drone  
  74  5:12  Drone  
  76  5:15  Drone, Hatchery  
  76  5:18  Drone  
  76  5:19  Drone x2  
  80  5:21  Drone  
  80  5:22  Drone  
  80  5:23  Drone  
  80  5:24  Drone  
  80  5:27  Overlord  
  80  5:28  Extractor x2  
  81  5:29  Drone x2  
  81  5:32  Drone x2  
  85  5:37  Drone  
  85  5:40  Extractor  
  85  5:42  Drone  
  86  5:45  Drone  
  86  5:46  Overlord  
  86  5:48  Overlord  
  87  5:55  Overlord  
  87  5:57  Roach  
  87  5:58  Roach x6  
  87  5:59  Ravager x2  
  87  6:00  Ravager x2  
  87  6:01  Glial Reconstitution  
  87  6:03  Roach x3  
  110  6:06  Roach  
  110  6:10  Roach  
  110  6:11  Roach  
  116  6:14  Roach  
  116  6:17  Overlord  
  116  6:18  Roach x2  
  122  6:22  Ravager x2  
  122  6:24  Roach  
  122  6:25  Roach  
  127  6:28  Zergling x16  
  127  6:31  Overlord  
  135  6:33  Overlord  
  135  6:44  Hydralisk Den, Drone x2  
  135  6:45  Drone x2  
  135  6:46  Infestation Pit  
  137  6:55  Drone x2  
  137  6:56  Drone  
  137  6:57  Zerg Missile Weapons Level 2  
  137  6:59  Extractor  
  139  7:02  Overlord  
  134  7:13  Muscular Augments  
  134  7:14  Drone x2  
  134  7:25  Hive, Pneumatized Carapace  
  134  7:27  Hydralisk x5  
  144  7:32  Zergling x18  
  144  7:33  Zergling x12  
  159  7:39  Overlord  
  159  7:44  Hydralisk x3  
  165  7:54  Hydralisk  
  165  7:55  Hydralisk x3  
  172  8:03  Hatchery  
  169  8:13  Hydralisk x6  
  169  8:14  Lurker Den  
  169  8:18  Overlord  
  176  8:38  Spire  
  176  8:40  Overseer  
  175  8:41  Viper  
  175  8:46  Spine Crawler, Drone x3  
  175  8:48  Spine Crawler x2  
  178  8:52  Viper  
  178  8:55  Drone x4  
  183  8:56  Drone x4  
  183  8:57  Evolution Chamber  
  183  9:00  Drone x2  
  183  9:01  Spine Crawler x2, Drone  
  189  9:03  Spine Crawler  
  189  9:07  Viper  
  191  9:19  Zerg Missile Weapons Level 3  
  188  9:25  Overlord x2  
  188  9:26  Overlord x2  
  186  9:38  Extractor  
  186  9:40  Extractor  
  179  9:46  Adaptive Talons  
  179  9:52  Greater Spire  
  175  9:56  Zergling x24  
  175  9:57  Zergling x12  
  193  10:07  Spore Crawler  
  192  10:08  Spore Crawler x2  
  192  10:09  Spore Crawler  
  192  10:10  Lurker x8  
  192  10:33  Hydralisk  
  192  10:34  Hydralisk x6  
  191  10:44  Hydralisk x5  
  199  10:52  Viper  
  196  11:05  Hydralisk x3  
  164  11:12  Hydralisk x6  
  169  11:19  Hydralisk x4  
  169  11:24  Spine Crawler  
  169  11:25  Spine Crawler x3  
  173  11:30  Zergling x18  
  182  11:37  Hydralisk  
  183  11:41  Hydralisk x3  
  187  11:55  Hydralisk x4  
  187  11:56  Hydralisk x2, Zerg Melee Weapons Level 1  
  199  12:02  Zerg Flyer Weapons Level 1  
  199  12:08  Spine Crawler  
  197  12:17  Overseer  
  195  12:28  Hydralisk  
  195  12:29  Hydralisk x2  
  199  12:36  Overseer  
  199  12:37  Overseer  
  195  12:40  Hatchery  
  192  13:02  Lurker x9  
  199  13:23  Overseer  
  180  13:42  Corruptor  
  180  13:43  Corruptor x7  
  190  13:57  Corruptor x4  
  190  14:11  Corruptor  
  190  14:12  Corruptor x3  
  190  14:14  Zergling x6  
  188  14:20  Hydralisk x4  
  187  14:26  Zergling x24  
  187  14:28  Overseer  
  190  14:45  Zergling x16  
  186  14:48  Drone x2  
  186  14:49  Hatchery  
  174  15:02  Hydralisk x5  
  175  15:08  Hydralisk  
  175  15:12  Hydralisk x4  
  185  15:18  Hydralisk x3  
  191  15:23  Hydralisk x2  
  191  15:33  Hydralisk x3  
  190  15:46  Zergling x2  
  190  15:47  Zergling x6  
  189  15:54  Drone x2  
  175  16:02  Hydralisk x2  
  155  16:26  Drone x4  
  159  16:40  Hatchery  
  159  16:41  Drone x3  
  159  16:46  Drone x4  
  166  16:54  Overseer x2  
  166  17:06  Drone x8  
  174  17:12  Lurker x2, Extractor  
  174  17:13  Lurker, Extractor  
  175  17:22  Lurker  
  178  17:23  Lurker x3  
  178  17:28  Lurker  
  179  17:35  Zergling x14  
  179  17:42  Drone x2  
  178  17:46  Drone  
  179  18:16  Hydralisk x5  
  159  18:21  Hydralisk  
  159  18:24  Hydralisk  
Tags
 
Add a new tag
Caveats
  • Supply blocks, unpowered buildings, or Contaminate may cause inaccurate times.
  • Supply counts are checked every 10 seconds.